 Dungeon Crawl Stone Soup version 0.26-a0-660-gc07710193c (webtiles) character file.

Game seed: 10939701480415078806

47364 DoubleLucky the Arsonist (level 14, 0/93 HPs)
             Began as a Pale Draconian Fire Elementalist on Oct 4, 2020.
             Was a High Priest of Vehumet.
             Slain by a meliai
             ... wielding a +0 broad axe
              (9 damage)
             ... on level 6 of the Lair of Beasts on Oct 7, 2020.
             The game lasted 02:24:50 (27593 turns).

DoubleLucky the Arsonist (DrFE)                    Turns: 27593, Time: 02:24:51

Health: 0/93       AC: 12    Str: 11    XL:     14   Next: 8%
Magic:  8/37       EV: 17    Int: 27    God:    Vehumet [*****.]
Gold:   975        SH:  0    Dex: 11    Spells: 1/34 levels left

rFire    + . .     SeeInvis +   U - staff of fire
rCold    . . .     Faith    .   (no shield)
rNeg     . . .     Spirit   .   (armour unavailable)
rPois    .         Reflect  .   Q - +0 hat {SInv}
rElec    .         Harm     .   z - scarf {+Inv}
rCorr    .         Rampage  .   i - +2 pair of gloves
MR       +....                  g - +0 pair of boots
Stlth    ++........             (no amulet)
HPRegen  0.25/turn              t - ring of magical power
MPRegen  0.25/turn              x - +6 ring of intelligence

@: very slightly contaminated, invisible
A: breathe steam, unfitting armour, cold-blooded, AC +8
a: Breathe Steam, Renounce Religion


You were on level 6 of the Lair of Beasts.
You worshipped Vehumet.
Vehumet was extremely pleased with you.
You visited 2 branches of the dungeon, and saw 18 of its levels.

You collected 975 gold pieces.

Inventory:

Hand Weapons
 v - a +2 trident of freezing
 I - the +3 mace "Neadig" {freeze, MP+9 Dex+3}
   (You found it on level 3 of the Lair of Beasts)

   It has been specially enchanted to freeze those struck by it, causing extra
   injury to most foes and up to half again as much damage against particularly
   susceptible opponents.
   It can also slow down cold-blooded creatures.
   It affects your dexterity (+3).
   It affects your magic capacity (+9).
 N - the +7 morningstar of Blood {freeze, rPois rN++ Str+3 Int-4}
   (You found it on level 9 of the Dungeon)

   It has been specially enchanted to freeze those struck by it, causing extra
   injury to most foes and up to half again as much damage against particularly
   susceptible opponents.
   It can also slow down cold-blooded creatures.
   It affects your strength (+3).
   It affects your intelligence (-4).
   It protects you from poison.
   It greatly protects you from negative energy.
Missiles
 j - 17 poisoned darts (quivered)
 T - a throwing net
Armour
 g - a +0 pair of boots (worn)
 i - a +2 pair of gloves (worn)
 z - a scarf of invisibility (worn)
 Q - a +0 hat of see invisible (worn)
Magical Staves
 U - an uncursed staff of fire (weapon)
Jewellery
 o - an uncursed ring of resist corrosion
 t - a ring of magical power (left hand)
 x - a +6 ring of intelligence (right hand)
 D - a +4 ring of protection
 J - an uncursed ring of ice {unknown}
 K - the ring "Puliradd" {rElec rPois Dex+9 Slay-5 Stlth+}
   (You took it off an orc on level 11 of the Dungeon)

   [ring of stealth]

   It affects your dexterity (+9).
   It affects your accuracy and damage with ranged weapons and melee attacks
   (-5).
   It insulates you from electricity.
   It protects you from poison.
   It makes you more stealthy.
 P - an uncursed ring of stealth
 Z - an uncursed amulet of the acrobat {unknown}
Wands
 d - a wand of flame (25)
 y - a wand of iceblast (7)
 E - a wand of acid (12)
 F - a wand of disintegration (25)
 L - a wand of paralysis (6)
Scrolls
 c - 10 scrolls of remove curse
 f - 7 scrolls of amnesia
 k - 2 scrolls of torment
 l - 5 scrolls of magic mapping
 n - 4 scrolls of blinking
 r - 4 scrolls of teleportation
 u - a scroll of enchant weapon
 M - 2 scrolls of enchant armour
 R - a scroll of fog {unknown}
 V - a scroll of summoning {unknown}
 W - 2 scrolls of identify
 Y - a scroll of fear {unknown}
Potions
 b - 4 potions of curing
 e - 6 potions of flight
 h - 3 potions of resistance
 p - a potion of invisibility
 q - a potion of stabbing
 s - a potion of magic
 B - 2 potions of berserk rage
 C - 3 potions of might
 H - 2 potions of cancellation
 S - 2 potions of lignification
Miscellaneous
 G - a phial of floods
 O - a condenser vane (2/2)


   Skills:
 + Level 10.3 Dodging
 - Level 1.7 Stealth
 + Level 10.8 Spellcasting
 + Level 11.6 Conjurations
 - Level 6.0 Translocations
 + Level 13.3 Fire Magic
 + Level 2.6 Poison Magic
 - Level 7.0 Evocations


You had one spell level left.
You knew the following spells:

 Your Spells              Type           Power        Failure   Level
a - Foxfire               Conj/Fire      ####         0%          1
b - Conjure Flame         Conj/Fire      #######.     1%          3
c - Inner Flame           Hex/Fire       ######..     1%          3
d - Sticky Flame          Conj/Fire      #######.     1%          4
e - Fireball              Conj/Fire      #######...   1%          5
f - Freeze                Ice            ##..         1%          1
g - Sandblast             Erth           ##....       1%          1
h - Blink                 Tloc           N/A          1%          2
i - Starburst             Conj/Fire      #######...   1%          6
j - Mephitic Cloud        Conj/Pois/Air  #####...     1%          3
k - Olgreb's Toxic Radia  Pois           ####....     3%          4

Your spell library contained the following spells:

 Spells                   Type           Power        Failure   Level
 Magic Dart               Conj           ####         1%          1
 Beastly Appendage        Tmut           ##....       4%          1
 Gell's Gravitas          Tloc           #####.....   1%          3
 Ignite Poison            Fire/Tmut/Pois ######..     1%          3
 Call Imp                 Summ           ##......     6%          2
 Corpse Rot               Necr/Air       N/A          6%          2
 Slow                     Hex            ##......     6%          2
 Wereblood                Tmut           ##......     6%          2
 Spider Form              Tmut/Pois      ###.......   7%          3
 Confusing Touch          Hex            ##......     12%         3
 Yara's Violent Unravell  Hex/Tmut       ##........   28%         5
 Dispel Undead            Necr           ##......     36%         4
 Ice Form                 Ice/Tmut       ##......     36%         4
 Petrify                  Tmut/Erth      ##......     36%         4
 Blade Hands              Tmut           ##........   73%         5
 Borgnjor's Vile Clutch   Necr/Erth      ##........   73%         5
 Metabolic Englaciation   Hex/Ice        ##........   73%         5
 Eringya's Noxious Bog    Tmut/Pois      ###.......   98%         6


Dungeon Overview and Level Annotations

Branches:
Dungeon (12/15)            Temple (0/1) D:7            Lair (6/6) D:8
 Shoals (0/4) Lair:3       Spider (0/4) Lair:2        Slime (0/5) Lair:5
    Orc (0/2) D:9

Altars:
Ashenzari
Dithmenos
Gozag
Hepliaklqana
Kikubaaqudgha
Makhleb
Qazlal
Ru
Sif Muna
Vehumet
Wu Jian
Xom
Yredelemnul

Annotations:
D:12 Azrael


Innate Abilities, Weirdness & Mutations

You can breathe blasts of scalding, opaque steam.
Your pale cyan-grey scales are hard. (AC +8)
You cannot fit into any form of body armour.
You are cold-blooded and may be slowed by cold attacks.


Message History

* * * LOW HITPOINT WARNING * * *
You feel better. The meliai closely misses you. The meliai misses you.
The meliai completely misses you. The meliai closely misses you.
You feel better. The meliai closely misses you. The meliai misses you.
You feel better. The meliai closely misses you. x2
The meliai completely misses you. The meliai barely misses you.
Casting: Sticky Flame (safe; 1% risk of failure)
Confirm with . or Enter, or press ? or * to list all spells.
Aiming: Sticky Flame (safe; 1% risk of failure)
Press: ? - help, Shift-Dir - straight line, f - meliai
Aim: a meliai, wielding a +0 broad axe and wearing a +0 robe You feel a surge of power!
The sticky flame hits the meliai.
The meliai is lightly wounded.
The meliai is covered in liquid flames!
The meliai burns!
The meliai closely misses you. x2
The meliai burns!
The meliai hits you with a +0 broad axe!
* * * LOW HITPOINT WARNING * * *
The meliai stings you!
You die...

##.....#######..#.#.....
#......# †...#............#
###....#†....#...#........#
##...#y.†..#............#
#?##...†.y†#............#
###..#..†..#............##
##†#######.............#
##...#.y............##
##...#.@............##
######..............#
#.....##........###
#.##P.............#
#####.#............
##..P#.........
#..............
#............<..
#.......#..)....


You could see a meliai (burning).

Vanquished Creatures
  Rupert (Lair:4)
  Gastronok (Lair:1)
  A boulder beetle (Lair:4)
  6 hydras
  Urug (D:10)
  6 death yaks (Lair:5)
  2 unseen horrors
  Pikel (D:5)
  An oklob plant (Lair:4)
  An ugly thing (D:11)
  A deep elf mage (D:12)
  2 manticores
  2 merfolk sirens (Lair:3)
  A torpor snail (Lair:5)
  12 cane toads
  4 black mambas
  4 komodo dragons
  3 rime drakes
  A queen bee (Lair:6)
  2 meliai (Lair:6)
  A troll (D:12)
  2 merfolk (Lair:3)
  A hornet (Lair:3)
  7 blink frogs
  5 removed hippogriffs
  6 dream sheep (Lair:6)
  2 redbacks (Lair:2)
  A wraith (D:10)
  5 wyverns
  42 yaks
  A shadow (D:12)
  A fire elemental (D:11)
  3 basilisks
  Edmund (D:4)
  12 water moccasins
  4 removed porcupines
  Duvessa (D:5)
  2 black bears (D:11)
  2 sky beasts
  5 orc warriors
  An eye of draining (D:9)
  2 ice beasts
  4 necrophages
  4 ogres
  3 phantoms
  4 centaurs
  10 wolves
  4 lemures
  A big kobold (D:9)
  19 bullfrogs
  A water moccasin zombie (D:5)
  Dowan (D:5)
  4 scorpions
  36 killer bees
  20 wights
  A howler monkey (D:12)
  2 centaur zombies
  4 ghosts (Lair:2)
  A quasit (D:11)
  3 bullfrog zombies
  4 hounds
  6 jellies
  5 orc priests
  9 orc wizards
  2 centaur skeletons
  2 iguanas
  8 worker ants
  A hound zombie (D:7)
  5 hound skeletons
  10 gnolls
  18 adders
  A howler monkey skeleton (D:4)
  10 river rats (D:6)
  A shadow imp (D:8)
  3 white imps
  2 ufetubi
  8 oozes
  An adder zombie (D:6)
  2 worms (D:2)
  2 adder skeletons
  2 dart slugs (D:2)
  5 leopard geckos
  42 orcs
  2 ball pythons (D:3)
  4 bats
  7 giant cockroaches
  7 goblins
  10 hobgoblins
  10 jackals (D:3)
  14 quokkas
  5 frilled lizards
  10 kobolds
  28 rats
  7 bushes
535 creatures vanquished.

Vanquished Creatures (collateral kills)
  18 foxfires
18 creatures vanquished.

Vanquished Creatures (others)
  A centaur zombie (D:12)
  1490 foxfires
  37 fungi
  58 plants
1586 creatures vanquished.

Grand Total: 2139 creatures vanquished

Notes
Turn   | Place    | Note
-------+----------+-------------------------------------------
     0 | D:1      | DoubleLucky the Draconian Fire Elementalist began the quest
                  | for the Orb.
     0 | D:1      | Reached XP level 1. HP: 14/14 MP: 3/3
   647 | D:2      | Reached XP level 2. HP: 20/20 MP: 1/5
   835 | D:2      | Reached XP level 3. HP: 17/26 MP: 1/6
  1330 | D:2      | Reached skill level 4 in Fire Magic
  1484 | D:2      | Found a sacrificial altar of Ru.
  1489 | D:2      | Reached XP level 4. HP: 33/33 MP: 3/8
  1774 | D:2      | You fall into a shaft and drop 2 floors!
  1841 | D:4      | Learned a level 3 spell: Conjure Flame
  1996 | D:4      | Reached XP level 5. HP: 38/38 MP: 5/9
  2341 | D:2      | Found an opulent altar of Gozag.
  2343 | D:2      | Found a broken altar of Ashenzari.
  3228 | D:3      | Reached skill level 5 in Fire Magic
  3233 | D:3      | Learned a level 3 spell: Inner Flame
  3413 | D:3      | Reached XP level 6. HP: 45/45 MP: 6/11
  4435 | D:4      | Found a broken altar of Ashenzari.
  4785 | D:4      | Noticed Edmund
  4800 | D:4      | Killed Edmund
  4800 | D:4      | Reached skill level 6 in Fire Magic
  4800 | D:4      | Your scales start taking on a pale cyan-grey colour.
  4800 | D:4      | Reached XP level 7. HP: 40/50 MP: 6/12
  4808 | D:4      | Learned a level 4 spell: Sticky Flame
  5230 | D:5      | Entered Level 5 of the Dungeon
  5321 | D:5      | Noticed Pikel
  5637 | D:4      | Reached skill level 7 in Fire Magic
  5988 | D:5      | Killed Pikel
  5988 | D:5      | Reached skill level 5 in Spellcasting
  5988 | D:5      | Reached skill level 5 in Conjurations
  5988 | D:5      | Reached XP level 8. HP: 57/57 MP: 10/15
  6072 | D:5      | Learned a level 5 spell: Fireball
  6105 | D:5      | Noticed Dowan
  6116 | D:5      | Killed Dowan
  6120 | D:5      | Noticed Duvessa
  6180 | D:5      | Found a radiant altar of Vehumet.
  6183 | D:5      | Found an ancient bone altar of Kikubaaqudgha.
  6186 | D:5      | Killed Duvessa
  6186 | D:5      | Reached skill level 8 in Fire Magic
  6200 | D:5      | Found a shimmering blue altar of Sif Muna.
  6206 | D:5      | Identified Vehumet's Papyrus of Confrontation
  6209 | D:5      | Became a worshipper of Vehumet
  6450 | D:5      | Found a hazy altar of Hepliaklqana.
  6877 | D:6      | Reached skill level 1 in Evocations
  7176 | D:6      | Reached * piety under Vehumet
  7176 | D:6      | Offered knowledge of Freeze by Vehumet.
  7193 | D:6      | Reached XP level 9. HP: 62/62 MP: 17/17
  7705 | D:6      | Found a basalt altar of Yredelemnul.
  8602 | D:7      | Found a staircase to the Ecumenical Temple.
  8953 | D:7      | Learned a level 1 spell: Freeze
  9028 | D:7      | Offered knowledge of Sandblast by Vehumet.
  9059 | D:7      | Reached ** piety under Vehumet
  9263 | D:7      | Learned a level 1 spell: Sandblast
  9263 | D:7      | Found an ornate altar of the Wu Jian Council.
  9456 | D:7      | Found a burning altar of Makhleb.
  9885 | D:8      | Reached skill level 5 in Dodging
 10162 | D:8      | Reached skill level 9 in Fire Magic
 10184 | D:8      | Offered knowledge of Ignite Poison by Vehumet.
 10565 | D:8      | Found a shadowy altar of Dithmenos.
 10623 | D:8      | Reached XP level 10. HP: 69/69 MP: 19/19
 10694 | D:8      | Found a shimmering altar of Xom.
 10731 | D:8      | Found a staircase to the Lair.
 10819 | D:8      | Reached *** piety under Vehumet
 11182 | D:9      | Found a stormy altar of Qazlal.
 11477 | D:9      | Offered knowledge of Static Discharge by Vehumet.
 11905 | D:9      | Found a staircase to the Orcish Mines.
 12141 | D:9      | Identified the Almanac of Poison and Unholy Secrets
 12221 | D:9      | Reached skill level 5 in Evocations
 12727 | D:9      | Noticed a manticore
 12738 | D:9      | Killed a manticore
 12777 | D:9      | Reached **** piety under Vehumet
 13006 | D:9      | Got a faintly glowing morningstar
 13220 | D:9      | Identified the +7 morningstar of Blood {freeze, rPois rN++
                  | Str+3 Int-4} (You found it on level 9 of the Dungeon)
 13327 | D:10     | Entered Level 10 of the Dungeon
 13652 | D:10     | Killed an unseen horror
 13652 | D:10     | Reached skill level 10 in Fire Magic
 14341 | D:10     | Offered knowledge of Airstrike by Vehumet.
 14462 | D:10     | Noticed Urug
 14524 | D:10     | Killed Urug
 14524 | D:10     | Reached XP level 11. HP: 65/73 MP: 18/22
 15562 | D:11     | Noticed a purple ugly thing
 15567 | D:11     | Killed a purple ugly thing
 15643 | D:11     | Learned a level 2 spell: Blink
 15786 | D:11     | Noticed a six-headed hydra
 15787 | D:11     | Killed a six-headed hydra
 15787 | D:11     | Reached skill level 1 in Translocations
 16169 | D:11     | Identified the ring "Puliradd" {rElec rPois Dex+9 Slay-5
                  | Stlth+}
 16678 | D:12     | Noticed a deep elf mage
 16685 | D:12     | Killed a deep elf mage
 16893 | D:12     | Killed an unseen horror
 17103 | D:12     | Reached skill level 11 in Fire Magic
 17275 | D:12     | Reached ***** piety under Vehumet
 17446 | D:12     | Noticed Azrael
 17818 | Lair:1   | Entered Level 1 of the Lair of Beasts
 17839 | Lair:1   | Offered knowledge of Starburst by Vehumet.
 17874 | Lair:1   | Reached XP level 12. HP: 17/81 MP: 5/24
 17971 | Lair:1   | Learned a level 6 spell: Starburst
 18299 | Lair:1   | Noticed a four-headed hydra
 18343 | Lair:1   | HP: 1/81 [four-headed hydra (13)]
 18353 | Lair:1   | Killed a four-headed hydra
 18873 | Lair:1   | Noticed Gastronok
 18881 | Lair:1   | Killed Gastronok
 19269 | Lair:1   | Upgraded the game from 0.26-a0-652-gafc20e3620 to
                  | 0.26-a0-660-gc07710193c
 19327 | Lair:2   | Noticed an eight-headed hydra
 19577 | Lair:2   | Learned a level 3 spell: Mephitic Cloud
 19627 | Lair:2   | Found a hole to the Spider Nest.
 19630 | Lair:2   | Reached skill level 5 in Translocations
 19694 | Lair:2   | Found a dark tunnel.
 19752 | Lair:2   | Reached skill level 10 in Conjurations
 19784 | Lair:2   | Killed an eight-headed hydra
 20736 | Lair:3   | Noticed a seven-headed hydra
 20740 | Lair:3   | Killed a seven-headed hydra
 20740 | Lair:3   | Reached skill level 12 in Fire Magic
 21179 | Lair:3   | Got a dazzling mace
 21179 | Lair:3   | Identified the +3 mace "Neadig" {freeze, MP+9 Dex+3} (You
                  | found it on level 3 of the Lair of Beasts)
 21504 | Lair:3   | Found a staircase to the Shoals.
 21663 | Lair:4   | Noticed a boulder beetle
 21833 | Lair:4   | Killed a boulder beetle
 21833 | Lair:4   | Reached XP level 13. HP: 85/86 MP: 14/26
 22443 | Lair:4   | Reached skill level 10 in Spellcasting
 22456 | Lair:4   | Noticed Rupert
 22459 | Lair:4   | Paralysed by Rupert for 6 turns
 22563 | Lair:4   | Killed Rupert
 24130 | Lair:5   | Found a staircase to the Slime Pits.
 24355 | Lair:6   | Entered Level 6 of the Lair of Beasts
 24623 | Lair:6   | Offered knowledge of Olgreb's Toxic Radiance by Vehumet.
 24928 | Lair:5   | Reached skill level 13 in Fire Magic
 25201 | Lair:5   | Learned a level 4 spell: Olgreb's Toxic Radiance
 25336 | Lair:5   | Reached skill level 10 in Dodging
 25672 | Lair:5   | Reached skill level 1 in Poison Magic
 25908 | Lair:5   | Found a staircase to the Slime Pits.
 27552 | Lair:6   | Reached XP level 14. HP: 34/93 MP: 19/28
 27587 | Lair:6   | HP: 2/93 [meliai/divine providence (9)]
 27593 | Lair:6   | Slain by a meliai

Illustrated notes

Levels and vault maps discovered:
D:1:      erik_arrival_triangle_large, layout_basic
D:2:      layout_basic, nicolae_ru_great_annihilating_truth,
          chequers_temple_overflow_statue_of_worship, nrook_loot_triangle
D:3:      layout_loops_corners, serial_forest, infiniplex_forest_straight_4,
          infiniplex_forest_straight_1, infiniplex_forest_end_3,
          infiniplex_forest_lined_3, infiniplex_forest_corner_2,
          infiniplex_forest_straight_2, infiniplex_forest_lined_3
D:4:      layout_cave_pods, evilmike_ruin_ashenzari, uniq_edmund
D:5:      layout_cave_pools, grunt_temple_overflow_magic_moments,
          nicolae_overflow_crystal_walls, uniq_pikel, uniq_duvessa
D:6:      lemuel_ratsnest, layout_basic, overflow_temple_1_default
D:7:      layout_gridville, makhleb_heckhound_becter, kennysheep_mini_moat,
          minmay_temple_entry_from_below_b
D:8:      layout_basic, kennysheep_mini,
          nicolae_dithmenos_through_a_glass_darkly,
          grunt_lair_entry_orc_guard_hut, roderic_serpentine_path,
          hangedman_decor_diamond_cutter, uniq_prince_ribbit1
D:9:      minmay_the_grid_four_pointed_star_mashed
          [minmay_the_grid_triangle_9x9_dagger,
          minmay_the_grid_triangle_9x9_minimal,
          minmay_the_grid_triangle_9x9_sprig,
          minmay_the_grid_triangle_9x9_corruption,
          minmay_the_grid_prize_four_corners_diamond_a], layout_long_grid,
          david_orc_2, nicolae_qazlal_eye_of_the_storm
D:10:     layout_irregular_city, uniq_urug
D:11:     layout_stronghold
D:12:     layout_cave_pools, drop_trap, uniq_azrael
Lair:1:   layout_gridlike, uniq_gastronok
Lair:2:   layout_long_grid, spider_nest_entry_a, nicolae_volcano_entry_lava_flow
Lair:3:   layout_roguey, elwin_shoals_entry_stream, minivault_25
Lair:4:   layout_hall_layers, serial_bayou_pond_c, serial_bayou_pond_d,
          grunt_megastairs_1, serial_bayou_shore_b, lemuel_fruit_tree,
          serial_bayou_shore_b, serial_bayou_shore_b,
          infiniplex_staircase_pool_2, uniq_rupert
Lair:5:   layout_loops_ring, nicolae_slime_entry_slimehenge
Lair:6:   evilmike_catoblepas_cave, layout_hall_layers, special_room
          [special_room_bee], grunt_megastairs_3

Skill      XL: |  1  2  3  4  5  6  7  8  9 10 11 12 13 |
---------------+----------------------------------------+-----
Conjurations   | 2 3 5 6 8 9 10 11 | 11.6
Fire Magic     | 4 5 6 7 8 9 10 11 12 13 | 13.3
Spellcasting   | 3 5 6 7 8 9 10 | 10.8
Dodging        | 3 4 5 6 8 9 10 | 10.3
Evocations     | 1 4 5 7 |  7.0
Translocations | 3 6 |  6.0
Poison Magic   | 2 |  2.6
Stealth        | |  1.7

Action                   |  1- 3 |  4- 6 |  7- 9 | 10-12 | 13-15 || total
-------------------------+-------+-------+-------+-------+-------++-------
Melee: Unarmed           |    15 |       |       |       |       ||    15
       Tailslap          |     1 |     4 |     5 |       |     1 ||    11
       Dagger            |     6 |    48 |    19 |     1 |       ||    74
       Quarterstaff      |       |       |    15 |       |       ||    15
       Staff             |       |       |       |     8 |    10 ||    18
       Morningstar       |       |       |       |     2 |       ||     2
Throw: Dart              |    27 |    69 |    31 |     7 |       ||   134
 Cast: Foxfire           |    44 |   121 |   298 |   384 |    84 ||   931
       Conjure Flame     |       |     1 |     9 |     5 |       ||    15
       Inner Flame       |       |       |     8 |   121 |    72 ||   201
       Fireball          |       |       |     5 |    55 |    31 ||    91
       Sticky Flame      |       |       |       |    10 |    31 ||    41
       Blink             |       |       |       |    13 |    22 ||    35
       Freeze            |       |       |       |     7 |       ||     7
       Olgreb's Toxic Ra |       |       |       |       |     2 ||     2
       Starburst         |       |       |       |       |     3 ||     3
 Abil: Breathe Steam     |       |       |    21 |    15 |     6 ||    42
Evoke: Condenser vane    |       |       |       |     1 |       ||     1
       Phial of floods   |       |       |       |     1 |       ||     1
       Wand              |       |       |       |       |     8 ||     8
  Use: Scroll            |       |       |    11 |    12 |     2 ||    25
       Potion            |       |       |     1 |     3 |    12 ||    16
Armor: Skin              |    18 |    29 |    32 |    78 |    35 ||   192
Dodge: Dodged            |    19 |    36 |    98 |   140 |   161 ||   454
       Rpst.: Falchion   |       |       |       |     2 |       ||     2

Table legend: (Time is in decaauts)
 A = Elapsed time spent in this place.
 B = Non-inter-level travel time spent in this place.
 C = Inter-level travel time spent in this place.
 D = Time resting spent in this place.
 E = Time spent auto-exploring this place.
 F = Levels seen in this place.
 G = Mean time per level.
                   A        B        C        D        E       F      G
               +--------+--------+--------+--------+--------+-----+--------+
         Total |  27534 |  26574 |    960 |   8117 |  11615 |  18 | 1529.7 |
       Dungeon |  17804 |  17145 |    659 |   4922 |   7058 |  12 | 1483.7 |
          Lair |   9729 |   9428 |    301 |   3195 |   4557 |   6 | 1621.5 |
               +--------+--------+--------+--------+--------+-----+--------+

Top non-repeatable levels by time:
  Lair:5: 4069 daAuts
     D:9: 2494 daAuts
    D:11: 2157 daAuts
    D:10: 1945 daAuts
     D:4: 1851 daAuts
     D:6: 1807 daAuts
     D:2: 1663 daAuts
     D:3: 1552 daAuts
  Lair:1: 1547 daAuts
  Lair:4: 1521 daAuts
     D:8: 1220 daAuts
  Lair:3: 1198 daAuts
     D:7: 1172 daAuts
  Lair:2: 1092 daAuts
     D:5: 978 daAuts
